Map: Acropolis LE

Players

KilloTonN

  • Race: Zerg Zerg
  • League: Silver
  • Spawn Location: 5:00

Woah - Winner!

  • Race: Terran Terran
  • Spawn Location: 11:00

VOD

Have the link to the VOD?

Description

Time

  • Played on: June 11, 2019, 5:59 p.m.
  • Length: 24:16
Show
View Real Time Build Order
Export as new Build Order

KilloTonN Zerg 

Build Orders: Hatch First 

Get SALT Encoding   

  12  0:01  Drone  
  13  0:13  Overlord  
  13  0:17  Drone  
  14  0:33  Drone x2  
  16  0:37  Drone  
  17  0:53  Hatchery  
  17  0:57  Drone  
  17  1:00  Drone  
  18  1:11  Extractor  
  18  1:17  Spawning Pool  
  18  1:18  Drone  
  17  1:21  Drone  
  18  1:29  Drone  
  19  1:40  Overlord  
  19  1:52  Drone  
  20  2:05  Queen  
  20  2:06  Queen  
  20  2:07  Zergling x4  
  26  2:13  Overlord  
  26  2:16  Drone  
  26  2:21  Metabolic Boost  
  27  2:24  Drone  
  28  2:31  Drone  
  28  2:34  Drone  
  30  2:46  Queen  
  30  2:47  Drone  
  30  2:48  Drone  
  33  3:04  Overlord  
  33  3:06  Drone x3  
  36  3:13  Overlord  
  36  3:30  Baneling Nest  
  36  3:31  Evolution Chamber  
  36  3:34  Drone x6  
  40  3:42  Drone x2  
  40  3:43  Extractor  
  40  3:46  Extractor  
  40  3:56  Queen  
  40  3:58  Hatchery  
  41  4:04  Drone x3  
  41  4:05  Drone  
  41  4:06  Drone x2  
  41  4:07  Drone  
  41  4:08  Drone x2  
  50  4:17  Roach Warren  
  49  4:25  Zerg Missile Weapons Level 1  
  49  4:28  Overlord  
  49  4:33  Spore Crawler  
  49  4:34  Drone  
  49  4:38  Spore Crawler  
  48  4:51  Drone  
  49  4:52  Overlord  
  49  4:53  Overlord  
  49  4:57  Roach x6  
  61  5:08  Roach x3  
  61  5:10  Overlord  
  61  5:11  Overlord  
  67  5:18  Evolution Chamber, Queen  
  67  5:51  Roach  
  69  6:02  Roach x8  
  69  6:03  Roach x6  
  97  6:15  Lair  
  93  6:38  Drone x12  
  106  6:47  Drone  
  106  6:48  Extractor  
  106  6:51  Zerg Ground Armor Level 1  
  105  7:00  Drone  
  105  7:01  Overlord x5  
  106  7:15  Zerg Missile Weapons Level 2  
  106  7:18  Ravager, Hatchery  
  106  7:19  Ravager x2  
  106  7:20  Ravager x4  
  112  7:24  Drone x4  
  112  7:27  Drone x2  
  118  7:30  Extractor  
  118  7:31  Extractor  
  116  7:38  Roach x5  
  116  7:39  Roach x3  
  132  7:44  Drone  
  132  7:45  Drone x2  
  135  7:54  Drone  
  135  7:55  Drone x4  
  135  7:56  Drone  
  141  7:59  Overlord x2  
  141  8:00  Drone x2  
  141  8:01  Drone  
  144  8:26  Hydralisk Den  
  143  8:33  Centrifical Hooks  
  124  8:58  Roach x20  
  164  9:05  Queen  
  164  9:08  Drone x2  
  168  9:10  Overlord x4  
  168  9:19  Glial Reconstitution  
  158  9:53  Zergling x14  
  158  9:54  Extractor x2, Zergling x2  
  158  9:55  Zergling x18  
  158  9:59  Ravager x3  
  176  10:00  Ravager  
  176  10:01  Ravager  
  176  10:02  Ravager  
  176  10:03  Ravager  
  176  10:04  Ravager  
  176  10:05  Ravager  
  182  10:10  Zerg Ground Armor Level 2  
  182  10:13  Drone x3  
  140  10:42  Roach  
  146  10:43  Roach x17  
  174  10:52  Drone  
  174  10:53  Drone x6  
  174  10:56  Queen  
  183  11:01  Drone x5  
  183  11:02  Drone  
  189  11:14  Baneling x9  
  189  11:21  Overseer x2  
  189  11:33  Ravager  
  189  11:34  Ravager  
  189  11:35  Ravager  
  189  11:37  Ravager  
  189  11:38  Ravager  
  194  11:42  Zergling x2  
  194  11:43  Zergling x10  
  193  12:06  Muscular Augments  
  193  12:07  Spire  
  192  12:14  Baneling x12  
  192  12:15  Infestation Pit  
  168  13:21  Mutalisk x4  
  168  13:22  Mutalisk x13  
  197  13:36  Hive  
  127  14:28  Zergling x2  
  127  14:29  Zergling x46  
  127  14:30  Zergling x24  
  140  14:45  Mutalisk  
  136  14:46  Mutalisk x12  
  147  15:10  Adrenal Glands  
  147  15:14  Baneling x8  
  147  15:15  Mutalisk x3  
  147  15:16  Mutalisk x6  
  143  15:56  Zergling x12  
  143  15:57  Zergling x18  
  157  15:59  Hatchery, Baneling x10  
  157  16:00  Baneling x4  
  156  16:08  Queen  
  158  16:19  Zerg Melee Weapons Level 1  
  158  16:20  Zerg Ground Armor Level 3  
  158  16:30  Zerg Flyer Weapons Level 1  
  113  16:59  Zergling x2  
  113  17:00  Zergling x42  
  125  17:11  Queen  
  127  17:16  Zergling x2  
  127  17:17  Zergling x20  
  127  17:20  Baneling  
  127  17:21  Baneling x10  
  124  17:30  Mutalisk x5  
  124  17:31  Mutalisk  
  133  17:41  Extractor  
  133  17:43  Extractor  
  110  17:49  Swarm Host  
  110  17:50  Corruptor x11  
  110  17:51  Corruptor x2  
  118  18:20  Zergling x18  
  118  18:21  Zergling x14  
  118  18:23  Baneling  
  118  18:24  Baneling x11  
  132  18:45  Zergling x24  
  144  19:09  Zerg Melee Weapons Level 2  
  144  19:11  Hatchery  
  143  19:18  Greater Spire  
  143  19:31  Drone x4  
  147  19:32  Drone x3  
  147  19:33  Overlord x2  
  95  20:17  Zergling x26  
  95  20:18  Zergling x42  
  129  20:31  Queen  
  129  20:32  Hatchery  
  130  20:36  Baneling  
  130  20:37  Baneling x13  
  130  20:39  Queen  
  132  20:48  Hatchery  
  122  21:05  Drone x11  
  132  21:21  Zergling x2  
  132  21:22  Zergling x42  
  147  21:36  Zergling x2  
  147  21:37  Zergling x20  
  145  21:56  Zergling x2, Corruptor x5  
  145  21:57  Zergling x32  
  162  22:08  Hydralisk x5  
  176  22:09  Hydralisk  
  176  22:13  Hydralisk x4  
  188  22:20  Baneling  
  188  22:21  Hydralisk x2, Baneling x3  
  188  22:22  Hydralisk x6  
  171  22:38  Hydralisk x8  
  171  22:39  Hydralisk x7  
  195  22:47  Zergling x2  
  195  22:48  Zergling x14  
  101  23:15  Zergling x2  
  101  23:16  Zergling x30  
  103  23:22  Queen  
  103  23:25  Hydralisk  
  103  23:26  Hydralisk x5  
  111  23:36  Baneling x2  
  111  23:38  Baneling  
  111  23:39  Baneling  
  111  23:40  Baneling x6  
  103  23:44  Hydralisk  
  103  23:45  Hydralisk x3, Roach x2  
  103  23:46  Hydralisk x5, Roach  
Show
View Real Time Build Order
Export as new Build Order

Woah Terran - Winner!

Build Orders: Reaper Expand 

Get SALT Encoding   

  12  0:01  SCV  
  13  0:16  Supply Depot  
  13  0:18  SCV  
  14  0:31  SCV  
  15  0:41  Barracks  
  15  0:44  Refinery  
  15  0:45  SCV  
  16  1:02  SCV  
  17  1:14  SCV  
  18  1:28  Orbital Command  
  18  1:29  Reaper  
  19  1:40  Command Center  
  19  1:52  Barracks  
  19  1:55  SCV  
  20  2:03  Barracks Reactor  
  20  2:07  SCV  
  21  2:09  Refinery  
  21  2:17  Supply Depot  
  21  2:23  SCV  
  21  2:29  Factory  
  22  2:47  SCV  
  23  2:55  Orbital Command, Marine  
  23  2:56  Barracks Tech Lab, Marine  
  25  3:05  SCV  
  26  3:17  SCV  
  26  3:18  Starport  
  27  3:20  Stimpack  
  27  3:23  SCV  
  27  3:24  Marine x2  
  30  3:30  SCV, Factory Reactor  
  31  3:40  Supply Depot  
  31  3:42  SCV  
  31  3:45  Marine, Supply Depot  
  31  3:48  SCV  
  34  3:53  Marine  
  34  3:54  SCV, Marine  
  37  4:04  SCV  
  37  4:05  Marine  
  37  4:07  SCV  
  37  4:08  Supply Depot  
  40  4:15  Engineering Bay  
  40  4:17  SCV  
  40  4:19  SCV  
  40  4:20  Engineering Bay  
  40  4:22  Medivac  
  44  4:26  Medivac  
  44  4:27  Factory Tech Lab  
  44  4:30  SCV  
  47  4:31  Marine x2  
  47  4:32  Marine  
  50  4:47  Terran Infantry Weapons Level 1  
  50  4:48  Terran Infantry Armor Level 1  
  50  4:53  Command Center  
  50  5:18  SCV x2  
  52  5:25  Barracks  
  52  5:26  Barracks x2  
  52  5:27  Barracks  
  52  5:29  Refinery x2  
  52  5:30  SCV x2  
  54  5:42  SCV x2  
  54  5:54  SCV x2, Combat Shield, Siege Tank  
  57  6:03  Marine  
  57  6:04  Marine x2  
  59  6:06  SCV  
  61  6:21  Marine x2  
  61  6:22  Marauder  
  60  6:35  Orbital Command  
  57  6:41  SCV x2  
  57  6:46  Armory  
  59  6:49  Siege Tank  
  59  6:53  SCV  
  59  6:54  SCV, Barracks Reactor x3, Marauder  
  66  6:55  Barracks Tech Lab  
  66  6:57  Factory  
  66  6:58  Orbital Command  
  66  7:05  SCV  
  66  7:07  Medivac  
  69  7:08  Medivac  
  69  7:12  Command Center  
  69  7:15  Marauder  
  73  7:20  SCV  
  74  7:24  SCV  
  74  7:25  SCV  
  76  7:30  Marine  
  76  7:32  SCV, Marine  
  76  7:34  Concussive Shells  
  76  7:35  Marauder, Marine x4  
  85  7:41  Terran Infantry Weapons Level 2, Supply Depot  
  85  7:49  Terran Infantry Armor Level 2  
  85  7:52  Factory Tech Lab  
  85  8:02  SCV, Marine x5  
  85  8:03  Marauder  
  93  8:11  Supply Depot  
  93  8:13  Supply Depot  
  93  8:15  Refinery  
  93  8:16  Refinery  
  93  8:24  SCV x3, Siege Tank x2, Marine x2  
  104  8:31  Marine x4  
  104  8:32  Marine x4  
  112  8:35  Supply Depot x2  
  112  8:36  SCV, Supply Depot x2  
  112  8:38  Barracks  
  112  8:41  Planetary Fortress, Marine x2  
  113  8:46  Barracks  
  110  8:49  Marine x4  
  110  8:50  Marine x3  
  110  8:51  Marine  
  106  8:59  Marine x2  
  106  9:06  Marine  
  106  9:07  Marine x3  
  106  9:08  Marauder x2  
  114  9:17  Starport  
  114  9:18  Fusion Core  
  114  9:22  Starport  
  99  10:16  Siege Tank x2  
  81  10:39  Marine  
  81  10:40  Marine x9  
  79  10:45  Starport Reactor, Starport Tech Lab  
  79  10:48  Bunker, Siege Tank x2  
  85  10:52  Barracks Tech Lab  
  85  10:53  Terran Infantry Armor Level 3, Terran Infantry Weapons Level 3  
  85  10:56  Liberator  
  85  10:57  Marine x3  
  85  10:58  Marauder x2  
  85  11:03  Liberator  
  92  11:13  Marauder  
  92  11:14  Advanced Ballistics  
  97  11:20  Siege Tank  
  103  11:29  Medivac  
  105  11:51  Liberator  
  95  12:05  Siege Tank x2  
  95  12:06  Marauder, Marine  
  95  12:07  Marauder x2, Marine x7  
  117  12:11  SCV  
  117  12:12  SCV x3, Liberator x2  
  121  12:18  Supply Depot  
  121  12:24  SCV x4, Marine  
  121  12:25  Marine x6  
  135  12:36  SCV x4  
  142  12:46  Marine x3  
  142  12:47  Marine x8  
  142  12:48  SCV x4  
  141  13:00  SCV  
  141  13:04  Marine x6  
  147  13:14  Liberator x3  
  147  13:15  Liberator x2  
  147  13:19  Marine x2  
  135  13:20  Marauder x2, Marine  
  135  13:22  Marine x6  
  147  13:57  Marine  
  147  13:58  Marine x10  
  143  14:15  Marine  
  143  14:16  Marine x9  
  147  14:19  Marine  
  147  14:23  Missile Turret  
  132  14:28  Missile Turret x2  
  124  14:33  Marine  
  124  14:34  Marine x9  
  124  14:37  Marine  
  129  14:51  Marine x3  
  129  14:52  Marine x7  
  139  14:54  Marine  
  133  15:09  Marine  
  134  15:23  Thor x2  
  135  15:37  Liberator x5  
  129  15:48  Marine x2  
  129  15:49  Marine x7  
  110  15:50  Marine  
  110  15:51  Marine  
  117  15:57  Supply Depot x2  
  117  15:59  Missile Turret  
  117  16:02  Missile Turret  
  117  16:06  Marine x3  
  117  16:07  Marine x2  
  117  16:08  Marine x5  
  127  16:17  Refinery  
  127  16:20  Liberator  
  127  16:33  Command Center  
  127  16:37  Medivac x2  
  122  16:54  Command Center  
  121  17:08  Medivac  
  121  17:09  Medivac  
  121  17:49  Liberator  
  121  17:50  Liberator x4  
  93  18:09  Marine x10  
  111  18:22  Marine  
  111  18:27  Marine x10  
  119  18:37  Planetary Fortress  
  119  18:41  Missile Turret  
  119  18:44  Command Center  
  131  18:56  Viking x5  
  131  18:57  Command Center  
  131  19:05  Siege Tank x2  
  135  19:26  Viking x2  
  139  19:37  Viking x2  
  145  19:39  Marine  
  145  19:40  Marine x10  
  145  19:45  Terran Ship Weapons Level 1  
  156  19:47  Siege Tank x2  
  160  19:57  Marine x2  
  160  19:58  Marine x7  
  125  20:20  Siege Tank  
  125  20:21  Viking, Siege Tank  
  131  20:22  Viking x4, Marine  
  131  20:23  Marine x6  
  148  20:40  Marauder  
  148  20:41  Marauder x2  
  154  20:55  Liberator  
  154  20:56  Liberator x4  
  154  21:02  Marauder  
  142  21:57  Marine  
  142  21:58  Marine x10  
  153  22:15  Marine x5  
  154  22:16  Marine x6  
  164  22:33  Marine x8  
  164  22:34  Marine x3  
  166  22:50  Marine  
  157  22:51  Marine x3  
  133  23:18  Siege Tank x2  
  133  23:19  Marauder, Marine x4  
  145  23:20  Marauder x2, Marine x2  
  147  23:41  Marauder x3  
Tags
 
League
Silver
Matchup
TvZ
Replay Pack
r1
Spawn Locations
Cross Positions
Add a new tag
Caveats
  • Supply blocks, unpowered buildings, or Contaminate may cause inaccurate times.
  • Supply counts are checked every 10 seconds.